 Dungeon Crawl Stone Soup version 0.18-a0-1666-g3ea6f2b (webtiles) character file.

378444 Gorice the Spry (level 21, -1/168 HPs)
             Began as a Demonspawn Assassin on Mar 28, 2016.
             Was a High Priest of Okawaru.
             Slain by George's ghost (2 damage)
             ... on level 3 of the Elven Halls on Mar 31, 2016.
             The game lasted 08:15:39 (68199 turns).

Gorice the Spry (Demonspawn Assassin)              Turns: 68199, Time: 08:15:41

Health: -1/168     AC: 36    Str: 14    XL:     21   Next: 84%
Magic:  0/30       EV: 23    Int: 15    God:    Okawaru [*****.]
Gold:   3604       SH:  7    Dex: 20    Spells: 1 memorised, 25 levels left

rFire  + . .     SeeInvis .     A - +3 scimitar (flame)
rCold  + . .     Gourm    .     J - +5 ring mail of the Elven Halls {+Inv Stlth+}
rNeg   . . .     Faith    .     s - +3 warlock's mirror {reflect}
rPois  .         Spirit   +     B - +1 helmet
rElec  .         Dismiss  .     f - +2 cloak of Least Resistance {rC+ MR+}
rCorr  .         Reflect  +     (gloves unavailable)
SustAt .         Harm     .     L - +2 pair of boots {run}
MR     ++...                    n - amulet of guardian spirit
Stlth  +++++++++.               K - ring of protection from fire
                                C - +5 ring of protection

@: finesse, quick, very resistant to hostile enchantments, incredibly stealthy
A: claws 3, iridescent scales 3, demonic guardian 1, nightstalker 3,
augmentation 2
a: Heroism, Finesse, Renounce Religion, Evoke Invisibility
}: 2/15 runes: barnacled, gossamer


You were on level 3 of the Elven Halls.
You worshipped Okawaru.
Okawaru was extremely pleased with you.
You were very hungry.

You visited 8 branches of the dungeon, and saw 41 of its levels.
You visited the Abyss 1 time.
You visited 1 bazaar.
You also visited: Sewer, Ice Cave and Wizlab.

You collected 4814 gold pieces.
You spent 1210 gold pieces at shops.

Inventory:

Hand Weapons
 a - a +2 dagger of electrocution
 b - a +0 blowgun
 i - the +1 dagger "Gihuruf" {drain, rC+ SInv}
   (Okawaru gifted it to you on level 8 of the Lair of Beasts)

   A truly terrible weapon, it drains the life of those it strikes.
   It protects you from cold.
   It lets you see invisible.
 v - a +3 quick blade of venom
   (Okawaru gifted it to you on level 5 of the Lair of Beasts)
 A - a +3 scimitar of flaming (weapon)
   (You took it off an efreet on level 13 of the Dungeon)
Missiles
 c - 5 needles of paralysis
 h - 8 javelins of penetration
 m - 6 javelins
 D - 33 javelins of returning (quivered)
 W - 19 curare-tipped needles
 Y - 4 throwing nets
Armour
 f - the +2 cloak of Least Resistance (worn) {rC+ MR+}
   (Okawaru gifted it to you on level 1 of the Vaults)

   It protects you from cold.
   It affects your resistance to hostile enchantments.
 s - the +3 warlock's mirror (worn) {reflect}
   (Okawaru gifted it to you on level 2 of the Elven Halls)
 B - a +1 helmet (worn)
 J - the +5 ring mail of the Elven Halls (worn) {+Inv Stlth+}
   (Okawaru gifted it to you on level 2 of the Lair of Beasts)

   It lets you turn invisible.
   It makes you more stealthy.
 L - a +2 pair of boots of running (worn)
   (Okawaru gifted it to you on level 6 of the Lair of Beasts)
Jewellery
 k - an uncursed ring of protection from magic
 n - an amulet of guardian spirit (around neck)
 z - an uncursed ring of positive energy
 C - a +5 ring of protection (left claw)
 K - a ring of protection from fire (right claw)
 S - an uncursed ring of resist corrosion
 V - an uncursed ring of poison resistance
Wands
 d - a wand of disintegration (8/24)
 u - a wand of digging (11/24)
 R - a wand of paralysis (2/24)
Scrolls
 j - 4 scrolls of fog
 q - 5 scrolls of fear {!r}
 t - 22 scrolls of remove curse
 y - 5 scrolls of magic mapping {!r}
 G - 9 scrolls of blinking
 I - 6 scrolls of teleportation {!r}
 O - 20 scrolls of identify
Potions
 l - 18 potions of curing
 p - 5 potions of agility {!q}
 r - 6 potions of haste {!q}
 w - 7 potions of heal wounds {!q}
 M - 4 potions of might {!q}
 P - a potion of cancellation {!q}
Miscellaneous
 e - a sack of spiders
 E - a lamp of fire
 U - a fan of gales
Comestibles
 g - 10 bread rations {!e}
 H - 46 fruits


   Skills:
 - Level 15.0 Fighting
 - Level 10.0(12.6) Short Blades
 - Level 12.7(14.0) Long Blades
 - Level 10.0 Throwing
 - Level 16.0 Armour
 - Level 16.0 Dodging
 - Level 12.4 Stealth
 + Level 0.8 Shields
 + Level 3.7 Spellcasting
 * Level 6.1 Charms
 * Level 6.0 Air Magic
 - Level 8.0 Invocations
 - Level 12.2 Evocations


You had 25 spell levels left.
You knew the following spells:

 Your Spells              Type           Power        Failure   Level  Hunger
S - Swiftness             Chrm/Air       ###.....     6%          2    ##.....


Dungeon Overview and Level Annotations

Branches:
Dungeon (15/15)            Temple (1/1) D:5            Lair (8/8) D:11
 Shoals (4/4) Lair:5       Spider (4/4) Lair:4        Slime (0/6) Lair:6
    Orc (2/2) D:11            Elf (3/3) Orc:2        Vaults (4/5) D:13
  Crypt (0/3) Vaults:3     Depths (0/5) D:15

Altars:
Ashenzari
Cheibriados
Dithmenos
Elyvilon
Fedhas
Gozag
Kikubaaqudgha
Makhleb
Nemelex Xobeh
Okawaru
Pakellas
Qazlal
Ru
Sif Muna
Trog
Vehumet
Xom
Yredelemnul
Zin
The Shining One
Beogh

Shops:
Orc:2 %*([   Elf:2 [   Vaults:2 [?(

Portals:
Trove: Vaults:1 (give 7 potions of agility)

Annotations:
Shoals:4 Ilsuiw
Spider:1 exclusion: Roxanne, Roxanne
Elf:3 1 exclusion, George's ghost, adept MiBe


Innate Abilities, Weirdness & Mutations

You have claws for hands.
You are completely covered in iridescent scales (AC +8).
A weak demonic guardian rushes to your aid.
You are completely attuned to the shadows.
Your magical and physical power is enhanced at high health.


Message History

George's ghost is severely damaged.
Your white imp gestures at George's ghost.
The puff of frost hits George's ghost.
George's ghost appears unharmed.
You barely miss George's ghost.
George's ghost is severely damaged.
You completely miss George's ghost.
George's ghost is severely damaged.
George's ghost hits you!!
* * * LOW HITPOINT WARNING * * *
George's ghost burns you.
* * * LOW HITPOINT WARNING * * *
Unknown command.
Damage: 26 (max 26)
You miss George's ghost.
George's ghost is severely damaged.
Your white imp hits George's ghost but does no damage.
Unknown command.
You catch the helpless George's ghost momentarily off-guard.
You hit George's ghost but do no damage.
George's ghost is severely damaged.
Unknown command.
You miss George's ghost.
George's ghost is severely damaged.
George's ghost hits you!
* * * LOW HITPOINT WARNING * * *
George's ghost burns you.
* * * LOW HITPOINT WARNING * * *
Damage: 14 (max 26)
You hit George's ghost but do no damage.
George's ghost is severely damaged.
Unknown command.
You hit George's ghost. You burn George's ghost.
George's ghost is severely damaged.
You closely miss George's ghost.
George's ghost is severely damaged.
You block George's ghost's attack.
Unknown command.
You closely miss George's ghost.
George's ghost is severely damaged.
Your white imp completely misses George's ghost.
Unknown command.
You miss George's ghost.
George's ghost is severely damaged.
Your ufetubus misses George's ghost.
Your ufetubus closely misses George's ghost.
George's ghost wails.
George's ghost hits you!
* * * LOW HITPOINT WARNING * * *
George's ghost burns you.
You die...

#...8...# #..(..........# #
.......# #...).........# #
.....## #.............# # ...#
##...........## #
##'.........## #
#+###.##.......## #
....'######+.### # .....##
#..# # ...5@.# #..# # ....W5.#
#..# # + ......5# #..# # # ..
.......# #..# # # ###
...........# #.W#
###.####...........# #..#
#.....###........)## #..#
........##.......#5####+.#####
.........##.....###.##.......#


You could see George's ghost, a friendly quasit, a friendly white imp and a
friendly ufetubus.

Vanquished Creatures
  Mennas (Vaults:4)
  Nikola (Vaults:1)
  Rupert (D:13)
  A lich (Vaults:4)
  A deep elf blademaster (Elf:2)
  A kraken (Shoals:2)
  2 sphinxes
  Kirke (Lair:6)
  Wiglaf (Vaults:3)
  Aizul (Elf:3)
  3 fire giants (Vaults:4)
  11 vault wardens
  2 deep elf sorcerers (Vaults:1)
  2 ghost moths (Spider:4)
  7 emperor scorpions
  2 orc warlords (Orc:2)
  A frost giant (Vaults:3)
  Maud (Lair:5)
  3 very ugly things (Vaults:2)
  11 ironheart preservers
  5 stone giants
  2 salamander stormcallers
  8 deep elf annihilators
  11 purple draconians (WizLab)
  9 statues (WizLab)
  5 deep elf death magi
  5 merfolk impalers
  4 merfolk javelineers
  2 fire dragons (Lair:8)
  2 ettins
  3 vault guards
  6 yaktaur captains
  A jiangshi (Vaults:3)
  Josephine (Lair:5)
  2 great orbs of eyes
  11 hydras
  Erolcha (D:8)
  2 ice dragons (D:15)
  6 ogre magi
  3 entropy weavers
  A ghost crab (shapeshifter) (Vaults:2)
  6 centaur warriors
  A catoblepas (D:15)
  6 merfolk aquamancers (Shoals:4)
  An alligator snapping turtle (Shoals:4)
  2 death knights (Vaults:3)
  A satyr (Shoals:3)
  27 dancing weapons
  18 death yaks
  A queen ant (Spider:1)
  5 orc high priests
  A vampire mage (Vaults:3)
  34 deep elf knights
  A small abomination (Vaults:2)
  A wretched star (Abyss:3)
  A fire crab (Vaults:3)
  5 skeletal warriors
  A flayed ghost (Vaults:4)
  A storm dragon skeleton (Vaults:3)
  A deep troll (Vaults:4)
  13 sea snakes
  2 wizards
  2 giant orange brains (Vaults:4)
  A giant orange brain (shapeshifter) (Vaults:1)
  An orange crystal statue (Vaults:3)
  A lindwurm (Lair:8)
  5 unseen horrors
  18 deep elf archers
  17 ironbrand convokers
  6 hill giants
  13 orb spiders
  A mana viper (shapeshifter) (D:14)
  A harpy (shapeshifter) (Vaults:2)
  2 necromancers
  38 ugly things
  24 harpies
  23 wolf spiders
  16 orc knights
  12 griffons
  11 orc sorcerers
  75 deep elf magi
  8 cyclopes
  11 manticores
  13 fauns
  A manticore (shapeshifter) (Vaults:1)
  36 elephants
  5 hornets
  6 moths of wrath
  8 black mambas
  5 water nymphs
  A gargoyle (D:14)
  5 centaur zombies
  8 torpor snails
  5 vault sentinels
  5 centaur skeletons
  Joseph (D:8)
  11 spiny frogs
  5 rime drakes
  32 yaktaurs
  2 komodo dragons (shapeshifter)
  2 efreet
  4 kobold demonologists
  18 komodo dragons
  7 demonic crawlers
  A tengu conjurer (D:15)
  5 freezing wraiths
  9 ice devils (IceCv)
  8 trolls
  A jumping spider (shapeshifter) (Vaults:4)
  A merfolk (shapeshifter) (Vaults:2)
  12 two-headed ogres
  A yaktaur skeleton (Vaults:2)
  5 wind drakes
  26 jumping spiders
  29 merfolk
  4 polar bears
  2 wolf spider simulacra (D:15)
  A troll (shapeshifter) (D:14)
  Grinder (D:3)
  5 giant leeches (Lair:8)
  11 snapping turtles
  22 slime creatures
  17 blink frogs
  8 boulder beetles
  A stone giant simulacrum (Vaults:2)
  A fire giant simulacrum (Vaults:3)
  A human simulacrum (Vaults:3)
  3 shadows
  60 redbacks
  4 vampires
  6 water elementals
  2 centaur simulacra (D:15)
  25 tarantellas
  2 air elementals
  6 wraiths
  16 humans (D:13)
  29 yaks
  3 wyverns
  2 fire elementals
  A basilisk (shapeshifter) (Vaults:2)
  2 yaks (shapeshifter)
  A hippogriff (shapeshifter) (Vaults:2)
  4 hungry ghosts
  10 hippogriffs
  A steam dragon (Lair:8)
  3 basilisks
  15 vampire mosquitoes
  13 wargs
  2 mottled dragons
  12 water moccasins
  26 soldier ants
  10 porcupines
  A swamp drake (shapeshifter) (Vaults:4)
  47 orc warriors
  An eye of draining (shapeshifter) (Vaults:3)
  11 ice beasts
  7 sky beasts
  A swamp drake (Lair:8)
  A necrophage (D:15)
  9 wasps
  2 eyes of draining
  31 ogres
  5 phantoms
  17 wolves
  17 centaurs
  19 crocodiles
  5 big kobolds
  29 giant frogs
  3 earth elementals
  2 scorpions
  2 boulder beetle zombies (Vaults:3)
  2 troll zombies (D:11)
  9 killer bees
  A wight (D:13)
  6 howler monkeys
  5 electric eels
  10 crimson imps
  A giant frog zombie (D:7)
  A jelly (D:13)
  3 giant frog skeletons
  6 hounds
  24 orc wizards
  37 orc priests
  Ijyb (D:3)
  17 iguanas
  9 sirens
  30 worker ants
  4 merfolk avatars
  2 killer bee zombies
  4 sheep (Shoals:1)
  6 ogre zombies (D:11)
  2 hound zombies
  A hound skeleton (D:7)
  A worker ant zombie (D:7)
  A howler monkey zombie (D:11)
  16 adders
  40 river rats
  3 shadow imps
  7 white imps
  4 ufetubi
  An adder zombie (D:4)
  An adder skeleton (D:7)
  16 worms
  3 dart slugs
  14 giant geckos
  137 orcs
  11 bats
  8 giant cockroaches
  9 goblins
  4 hobgoblins
  21 jackals
  23 kobolds
  A quokka (D:4)
  6 ball pythons
  A ball python skeleton (D:4)
  8 giant newts
  A goblin skeleton (D:11)
  3 goblin zombies (D:11)
  2 hobgoblin skeletons (D:11)
  2 hobgoblin zombies (D:11)
  2 jackal skeletons
  An orc skeleton (D:11)
  16 orc zombies (D:11)
  A quokka skeleton (D:6)
  27 rats
  2 crawling corpses (Vaults:2)
  A fungus (Lair:5)
  4 plants
1958 creatures vanquished.

Vanquished Creatures (collateral kills)
  A vault warden (Vaults:3)
  A deep elf death mage (Vaults:4)
  A black mamba (Lair:7)
  An elephant (Lair:8)
  2 komodo dragons
  A rime drake (Lair:8)
  4 yaktaurs
  A slime creature (D:12)
  A blink frog (Lair:8)
  A yak (Lair:8)
  A redback (Spider:4)
  A hungry ghost (D:10)
  A vampire mosquito (Vaults:2)
  A warg (Orc:1)
  A phantom (D:5)
  An orc warrior (Vaults:1)
  An ogre (Vaults:2)
  A centaur (D:13)
  A white imp (IceCv)
  An ufetubus (IceCv)
  An ooze (D:4)
  2 worms (Lair:8)
  8 orcs
  4 kobolds
  A fungus (Lair:5)
40 creatures vanquished.

Vanquished Creatures (others)
  A deep elf knight (Vaults:4)
  A harpy (Shoals:1)
  3 deep elf magi
  A vampire (Vaults:3)
  A human (Lair:6)
  A wolf (D:15)
  A centaur (Vaults:2)
  A giant frog zombie (D:13)
  A hound (D:12)
  4 white imps (IceCv)
  6 ufetubi (IceCv)
  2 orcs
  A bush (Lair:5)
  A crawling corpse (Vaults:2)
  29 fungi
  17 plants
  4 tentacles (Shoals:2)
  5 tentacle segments (Shoals:2)
80 creatures vanquished.

Grand Total: 2078 creatures vanquished

Notes
Turn   | Place    | Note
--------------------------------------------------------------
     0 | D:1      | Gorice the Demonspawn Assassin began the quest for the Orb.
     0 | D:1      | Reached XP level 1. HP: 16/16 MP: 1/1
    52 | D:1      | Reached skill level 2 in Short Blades
    59 | D:1      | Reached skill level 2 in Throwing
   144 | D:1      | Gained mutation: You are partially covered in iridescent scales (AC +4). [demonic ancestry]
   144 | D:1      | Reached XP level 2. HP: 15/22 MP: 2/2
   836 | D:2      | Reached XP level 3. HP: 27/27 MP: 3/3
  1123 | D:2      | Found a stormy altar of Qazlal.
  1441 | D:2      | Reached skill level 3 in Throwing
  1847 | D:3      | Noticed Ijyb
  1888 | D:3      | Killed Ijyb
  1888 | D:3      | Reached skill level 3 in Short Blades
  1888 | D:3      | Gained mutation: You have sharp fingernails. [demonic ancestry]
  1888 | D:3      | Reached XP level 4. HP: 17/33 MP: 4/4
  1957 | D:3      | Found a shadowy altar of Dithmenos.
  2157 | D:3      | Noticed Grinder
  2212 | D:4      | Reached XP level 5. HP: 14/38 MP: 3/5
  2529 | D:4      | Reached skill level 4 in Throwing
  2560 | D:4      | HP: 11/38 [poisoned by an orc wizard]
  2563 | D:4      | Reached skill level 4 in Short Blades
  2565 | D:4      | HP: 10/38 [poisoned by an orc wizard]
  2571 | D:4      | HP: 7/38 [poisoned by an orc wizard]
  2573 | D:4      | Gained mutation: A weak demonic guardian rushes to your aid. [demonic ancestry]
  2573 | D:4      | Reached XP level 6. HP: 8/44 MP: 2/6
  2732 | D:4      | Found a basalt altar of Yredelemnul.
  3151 | D:5      | Entered Level 5 of the Dungeon
  3247 | D:5      | Reached skill level 5 in Short Blades
  3247 | D:5      | Reached skill level 5 in Throwing
  3247 | D:5      | Gained mutation: You are slightly more attuned to the shadows. [demonic ancestry]
  3247 | D:5      | Reached XP level 7. HP: 39/50 MP: 5/7
  3422 | D:5      | Found a glowing silver altar of Zin.
  3503 | D:5      | Reached skill level 6 in Throwing
  3634 | D:5      | Found a staircase to the Ecumenical Temple.
  3650 | D:5      | Reached skill level 6 in Short Blades
  3674 | Temple   | Entered the Ecumenical Temple
  4030 | D:5      | Found a sacrificial altar of Ru.
  4107 | D:6      | Gained mutation: You have very sharp fingernails. [demonic ancestry]
  4107 | D:6      | Reached XP level 8. HP: 41/56 MP: 8/8
  4405 | D:6      | Found a glowing drain.
  4413 | Sewer    | Entered a sewer
  5128 | D:3      | Found a glowing golden altar of the Shining One.
  5232 | D:3      | Killed Grinder
  5232 | D:3      | Reached skill level 7 in Throwing
  5241 | D:3      | Reached skill level 7 in Short Blades
  6229 | D:8      | Found an iron altar of Okawaru.
  6238 | D:8      | Became a worshipper of Warmaster Okawaru
  6316 | D:8      | Noticed Erolcha
  6319 | D:8      | Killed Erolcha
  6319 | D:8      | Reached * piety under Okawaru
  6319 | D:8      | Reached skill level 8 in Short Blades
  6319 | D:8      | Reached skill level 8 in Throwing
  6319 | D:8      | Gained mutation: You are significantly more attuned to the shadows. [demonic ancestry]
  6319 | D:8      | Reached XP level 9. HP: 61/61 MP: 9/9
  6385 | D:8      | Found a shimmering altar of Xom.
  6388 | D:8      | Found a white marble altar of Elyvilon.
  6433 | D:8      | Noticed Joseph
  6438 | D:8      | Killed Joseph
  6627 | D:8      | Reached skill level 9 in Throwing
  6694 | D:8      | Reached ** piety under Okawaru
  6694 | D:8      | Reached skill level 9 in Short Blades
  7318 | D:9      | Reached XP level 10. HP: 53/67 MP: 7/10
  7525 | D:9      | Found a burning altar of Makhleb.
  7526 | D:9      | Found a radiant altar of Vehumet.
  7533 | D:9      | Reached *** piety under Okawaru
  7720 | D:9      | Received a gift from Okawaru
  7720 | D:9      | Reached skill level 10 in Throwing
  7747 | D:9      | Reached skill level 10 in Short Blades
  7762 | D:9      | Reached skill level 1 in Dodging
  7762 | D:9      | Reached skill level 4 in Stealth
  7852 | D:9      | Found a shattered altar of Ashenzari.
  7982 | D:10     | Entered Level 10 of the Dungeon
  8010 | D:10     | Reached skill level 3 in Fighting
  8010 | D:10     | Reached skill level 2 in Dodging
  8240 | D:10     | Reached **** piety under Okawaru
  8274 | D:10     | Reached skill level 5 in Stealth
  8296 | D:10     | Reached skill level 4 in Fighting
  8296 | D:10     | Reached skill level 3 in Dodging
  8841 | D:11     | Noticed a five-headed hydra
  8852 | D:11     | Killed a five-headed hydra
  8852 | D:11     | Reached skill level 4 in Dodging
  8852 | D:11     | Reached XP level 11. HP: 71/78 MP: 6/11
  8882 | D:11     | Reached skill level 5 in Fighting
  8925 | D:11     | Found a staircase to the Lair.
  9017 | D:11     | Found a staircase to the Orcish Mines.
  9084 | D:11     | Reached skill level 6 in Stealth
  9296 | D:11     | Reached ***** piety under Okawaru
  9637 | Lair:1   | Entered Level 1 of the Lair of Beasts
  9644 | Lair:1   | Reached skill level 5 in Dodging
 10011 | Lair:1   | Received a gift from Okawaru
 10080 | Lair:1   | Reached skill level 6 in Fighting
 10127 | Lair:1   | Reached skill level 7 in Stealth
 10388 | Lair:1   | Received a gift from Okawaru
 10456 | Lair:1   | Reached skill level 6 in Dodging
 10942 | Lair:2   | Reached skill level 7 in Fighting
 11072 | Lair:2   | Reached skill level 8 in Stealth
 11413 | Lair:2   | Received a gift from Okawaru
 11413 | Lair:2   | Reached XP level 12. HP: 57/91 MP: 12/12
 11418 | Lair:2   | Got a crude ring mail {god gift}
 11465 | Lair:2   | Identified the +5 ring mail of the Elven Halls {+Inv Stlth+} (Okawaru gifted it to you on level 2 of the Lair of Beasts)
 11688 | Lair:3   | Reached skill level 1 in Evocations
 11691 | Lair:3   | Found a frozen archway.
 11750 | Lair:3   | Noticed an eight-headed hydra
 11767 | Lair:3   | Killed an eight-headed hydra
 11767 | Lair:3   | Reached skill level 2 in Evocations
 11773 | Lair:3   | Reached skill level 7 in Dodging
 11843 | Lair:3   | Reached skill level 8 in Fighting
 11843 | Lair:3   | Reached skill level 3 in Evocations
 12016 | IceCv    | Entered an ice cave
 12079 | IceCv    | HP: 25/92 [ice beast[an ice statue] (5)]
 12085 | IceCv    | HP: 26/92 [ufetubus (1)]
 12487 | IceCv    | Reached skill level 4 in Evocations
 12525 | IceCv    | Reached skill level 1 in Invocations
 12650 | IceCv    | Reached skill level 2 in Invocations
 12720 | IceCv    | Reached skill level 5 in Evocations
 13003 | Lair:1   | Reached skill level 3 in Invocations
 13376 | Lair:3   | Reached skill level 6 in Evocations
 13415 | Lair:3   | Reached skill level 4 in Invocations
 13792 | Lair:4   | Found a hole to the Spider Nest.
 13991 | Lair:4   | Noticed a seven-headed hydra
 14002 | Lair:4   | Killed a seven-headed hydra
 14002 | Lair:4   | Reached skill level 5 in Invocations
 14002 | Lair:4   | Reached skill level 7 in Evocations
 14177 | Lair:4   | Received a gift from Okawaru
 14508 | Lair:4   | Reached skill level 8 in Evocations
 14512 | Lair:4   | Reached skill level 6 in Invocations
 14757 | Lair:1   | Identified a scroll of acquirement
 14866 | Lair:5   | Noticed Josephine
 14881 | Lair:5   | Killed Josephine
 14881 | Lair:5   | Gained mutation: You are mostly covered in iridescent scales (AC +6). [demonic ancestry]
 14881 | Lair:5   | Reached XP level 13. HP: 93/98 MP: 19/19
 14938 | Lair:4   | HP: 29/98 [wraith[Josephine] (9)]
 14953 | Lair:3   | HP: 42/147 [wraith[Josephine] (5)]
 15690 | Lair:5   | Reached ****** piety under Okawaru
 15695 | Lair:5   | Received a gift from Okawaru
 15695 | Lair:5   | Reached skill level 9 in Evocations
 15697 | Lair:5   | Reached skill level 7 in Invocations
 15846 | Lair:5   | Noticed Maud
 15857 | Lair:5   | Killed Maud
 15921 | Lair:5   | Received a gift from Okawaru
 16061 | Lair:5   | Reached skill level 8 in Invocations
 16131 | Lair:5   | Reached skill level 10 in Evocations
 16775 | Lair:5   | Found a staircase to the Shoals.
 17523 | Lair:6   | Reached skill level 8 in Dodging
 17646 | Lair:6   | Received a gift from Okawaru
 17646 | Lair:6   | Reached skill level 11 in Evocations
 17647 | Lair:6   | Got a transparent rapier {god gift}
 17650 | Lair:6   | Identified the +1 rapier "Rocaliok" {pierce, -Tele rPois rC+ Int+2} (Okawaru gifted it to you on level 6 of the Lair of Beasts)
 18671 | Lair:6   | Reached skill level 12 in Evocations
 18688 | Lair:6   | Reached XP level 14. HP: 77/105 MP: 23/23
 18777 | Lair:6   | Found a staircase to the Slime Pits.
 18796 | Lair:6   | Noticed Kirke
 18840 | Lair:6   | Killed Kirke
 18840 | Lair:6   | Received a gift from Okawaru
 18912 | Lair:6   | Received a gift from Okawaru
 18912 | Lair:6   | Reached skill level 9 in Dodging
 18931 | Lair:6   | Identified a +0 pair of boots of running (Okawaru gifted it to you on level 6 of the Lair of Beasts)
 19301 | Lair:7   | Reached skill level 1 in Armour
 19669 | Lair:7   | Got a steaming emerald amulet
 19684 | Lair:7   | Identified the amulet "Jigougun" {Dismiss +Inv rC+ Str+4} (You found it on level 7 of the Lair of Beasts)
 19757 | Lair:7   | Reached skill level 2 in Armour
 20451 | Lair:7   | Reached skill level 3 in Armour
 20451 | Lair:7   | Reached skill level 9 in Stealth
 20480 | Lair:7   | Reached skill level 9 in Fighting
 21051 | Lair:8   | Entered Level 8 of the Lair of Beasts
 21078 | Lair:8   | Received a gift from Okawaru
 21079 | Lair:8   | Got an ichor-stained dagger {god gift}
 21080 | Lair:8   | Identified the +1 dagger "Gihuruf" {drain, rC+ SInv} (Okawaru gifted it to you on level 8 of the Lair of Beasts)
 21436 | Lair:8   | Reached skill level 4 in Armour
 21649 | Lair:7   | Reached skill level 10 in Dodging
 22303 | Lair:8   | Received a gift from Okawaru
 22341 | Lair:8   | Got an iridescent arbalest {god gift}
 22342 | Lair:8   | Identified the +5 arbalest of Ybiush {venom, rElec} (Okawaru gifted it to you on level 8 of the Lair of Beasts)
 22610 | Lair:8   | Reached skill level 10 in Stealth
 22856 | Lair:8   | Found a runed door.
 23091 | Lair:8   | Reached XP level 15. HP: 99/115 MP: 24/24
 23514 | Lair:8   | Reached skill level 10 in Fighting
 23689 | Lair:8   | Reached skill level 5 in Armour
 24002 | Orc:1    | Entered Level 1 of the Orcish Mines
 24159 | Orc:1    | Received a gift from Okawaru
 24474 | Orc:2    | Entered Level 2 of the Orcish Mines
 25678 | Orc:2    | Found a roughly hewn altar of Beogh.
 25695 | Orc:2    | Noticed an orc warlord
 25702 | Orc:2    | Killed an orc warlord
 25877 | Orc:2    | Found Majot's Antique Weapon Boutique.
 25933 | Orc:2    | Found Curorux's Antique Armour Shop.
 26126 | Orc:2    | Reached skill level 6 in Armour
 26591 | Orc:2    | Found a staircase to the Elven Halls.
 26678 | Orc:2    | Reached skill level 11 in Dodging
 26714 | Orc:2    | Identified the Disquisition on Creative Transmigration
 26833 | Orc:2    | Found Vuycuiq's Assorted Antiques.
 27174 | Orc:2    | Noticed an orc warlord
 27283 | Orc:2    | Found Akhiniz's Food Shop.
 27331 | Orc:2    | Killed an orc warlord
 27331 | Orc:2    | Reached skill level 11 in Fighting
 27796 | Orc:2    | Received a gift from Okawaru
 27945 | Orc:2    | Found a roughly hewn altar of Beogh.
 28298 | D:12     | Reached skill level 7 in Armour
 29104 | D:12     | Received a gift from Okawaru
 29105 | D:12     | Got a warped rapier {god gift}
 29106 | D:12     | Identified the +5 rapier "Hon Mif" {pierce, rF+ rC+ Int+4} (Okawaru gifted it to you on level 12 of the Dungeon)
 29224 | D:13     | Found a gate to the Vaults.
 29224 | D:13     | Noticed Rupert
 29608 | D:13     | Killed Rupert
 30101 | D:13     | Received a gift from Okawaru
 30183 | D:13     | Reached XP level 16. HP: 53/127 MP: 15/25
 30318 | D:13     | Reached skill level 8 in Armour
 30793 | D:14     | Received a gift from Okawaru
 30794 | D:14     | Got a smoking ring mail {god gift}
 30837 | D:14     | Identified the +0 ring mail of the Game of Kings {MR+ Regen+} (Okawaru gifted it to you on level 14 of the Dungeon)
 30974 | D:14     | Reached skill level 12 in Fighting
 31077 | D:14     | Found a bloodstained altar of Trog.
 31113 | D:14     | Found an oddly glowing altar of Pakellas.
 31201 | D:14     | Reached skill level 12 in Dodging
 32104 | D:15     | Entered Level 15 of the Dungeon
 32589 | D:15     | Found a staircase to the Depths.
 33017 | D:15     | Reached skill level 9 in Armour
 34033 | Lair:1   | Upgraded the game from 0.18-a0-1643-gb89d9db to 0.18-a0-1649-g8d9735b
 34091 | Spider:1 | Entered Level 1 of the Spider Nest
 34131 | Spider:1 | Noticed Roxanne
 34334 | Spider:1 | Received a gift from Okawaru
 34605 | Spider:1 | Reached skill level 13 in Fighting
 35775 | Spider:1 | Reached skill level 13 in Dodging
 36461 | Spider:2 | Reached skill level 10 in Armour
 37203 | Spider:3 | Gained mutation: You are completely attuned to the shadows. [demonic ancestry]
 37203 | Spider:3 | Reached XP level 17. HP: 137/137 MP: 23/26
 37815 | Spider:3 | Received a gift from Okawaru
 38658 | Spider:4 | Entered Level 4 of the Spider Nest
 38985 | Spider:4 | Got a faintly glowing ring mail
 39182 | Spider:4 | Reached skill level 14 in Fighting
 39494 | Spider:4 | Reached skill level 11 in Armour
 39670 | Spider:4 | Received a gift from Okawaru
 39829 | Spider:4 | Received a gift from Okawaru
 39874 | Spider:4 | Received a gift from Okawaru
 39893 | Spider:4 | Got a gossamer rune of Zot
 40322 | Lair:1   | Identified the +1 ring mail of Gozag's Fury {rElec} (You found it on level 4 of the Spider Nest)
 40453 | Shoals:1 | Entered Level 1 of the Shoals
 40478 | Shoals:1 | Reached skill level 14 in Dodging
 40655 | Shoals:1 | Received a gift from Okawaru
 40908 | Shoals:1 | HP: 37/140 [faun/uncursed spear (10)]
 40925 | Shoals:1 | HP: 37/140 [merfolk/tomahawk (5)]
 42113 | Shoals:2 | Noticed a kraken
 42131 | Shoals:2 | Killed a kraken
 42733 | Shoals:2 | Gained mutation: Your magical and physical power is slightly enhanced at high health. [demonic ancestry]
 42733 | Shoals:2 | Reached XP level 18. HP: 76/148 MP: 17/27
 42765 | Shoals:2 | Received a gift from Okawaru
 43015 | Shoals:3 | Reached skill level 12 in Armour
 43355 | Shoals:3 | Reached skill level 15 in Fighting
 44100 | Shoals:4 | Entered Level 4 of the Shoals
 44528 | Shoals:3 | HP: 44/149 [griffon (7)]
 46088 | Shoals:4 | Reached skill level 15 in Dodging
 46569 | Shoals:4 | Reached skill level 13 in Armour
 46602 | Shoals:4 | Received a gift from Okawaru
 46624 | Shoals:4 | Got a barnacled rune of Zot
 46953 | Shoals:4 | Noticed Ilsuiw
 47491 | Shoals:4 | Upgraded the game from 0.18-a0-1649-g8d9735b to 0.18-a0-1655-ge2d8d33
 48068 | Lair:1   | Learned a level 2 spell: Swiftness
 48152 | Vaults:1 | Entered Level 1 of the Vaults
 48747 | Vaults:1 | Found a portal to a secret trove of treasure.
 48800 | Vaults:1 | Cast into level 3 of the Abyss (a deep elf sorcerer)
 48953 | Vaults:1 | Escaped the Abyss
 49011 | Vaults:1 | Received a gift from Okawaru
 49011 | Vaults:1 | Reached skill level 1 in Long Blades
 49012 | Vaults:1 | Got an ichor-stained cloak {god gift}
 49362 | Vaults:1 | Reached skill level 2 in Long Blades
 49401 | Vaults:1 | Noticed Nikola
 49416 | Vaults:1 | Killed Nikola
 49559 | Vaults:1 | Gained mutation: Your magical and physical power is enhanced at high health. [demonic ancestry]
 49559 | Vaults:1 | Reached XP level 19. HP: 132/155 MP: 23/28
 49574 | Vaults:1 | Reached skill level 3 in Long Blades
 49590 | Vaults:1 | HP: 35/155 [vault warden/great mace of protection (22)]
 50160 | Vaults:1 | Got a heavily runed silver ring
 50161 | Vaults:1 | Identified the +2 cloak of Least Resistance {rC+ MR+} (Okawaru gifted it to you on level 1 of the Vaults)
 50174 | Vaults:1 | Identified the ring "Ixzatus" {MP+9 Int+4} (You found it on level 1 of the Vaults)
 50302 | Vaults:1 | Reached skill level 4 in Long Blades
 50302 | Vaults:1 | Reached skill level 11 in Stealth
 50306 | Vaults:1 | HP: 46/155 [deep elf archer/arrow[an ironheart preserver] (2)]
 50312 | Vaults:1 | HP: 37/155 [deep elf knight/stone arrow[an ironheart preserver] (11)]
 50318 | Vaults:1 | HP: 17/155 [deep elf archer/arrow[an ironheart preserver] (9)]
 51297 | Vaults:2 | Found Nummeb's Magic Scroll Emporium.
 51318 | Vaults:2 | Received a gift from Okawaru
 51406 | Vaults:2 | Reached skill level 5 in Long Blades
 51513 | Vaults:2 | Received a gift from Okawaru
 51646 | Vaults:2 | Reached skill level 12 in Stealth
 51937 | Vaults:2 | Reached skill level 6 in Long Blades
 52002 | Vaults:2 | HP: 43/155 [ghostly vault warden/halberd (21)]
 52013 | Vaults:2 | HP: 42/155 [ghostly vault warden/halberd (3)]
 52021 | Vaults:2 | HP: 43/155 [ghostly vault warden/halberd (1)]
 52038 | Vaults:2 | HP: 37/155 [deep elf archer/arrow[an ironheart preserver] (8)]
 52051 | Vaults:2 | HP: 23/155 [something (7)]
 52057 | Vaults:2 | HP: 14/155 [poisoned by a ghostly deep elf death mage]
 52062 | Vaults:1 | HP: 12/155 [poisoned by a ghostly deep elf death mage]
 52067 | Vaults:1 | HP: 10/155 [poisoned by a ghostly deep elf death mage]
 52072 | Vaults:1 | HP: 9/155 [poisoned by a ghostly deep elf death mage]
 52077 | Vaults:1 | HP: 9/155 [poisoned by a ghostly deep elf death mage]
 52085 | Vaults:1 | HP: 10/155 [poisoned by a ghostly deep elf death mage]
 52200 | Vaults:1 | HP: 43/155 [ironheart preserver/morningstar (3)]
 52974 | Vaults:2 | Reached skill level 7 in Long Blades
 53085 | Vaults:2 | Found Kairr's Antique Armour Shop.
 53395 | Vaults:2 | Found Xocoir's Weapon Boutique.
 53445 | Vaults:2 | HP: 46/155 [burnt (6)]
 53955 | Vaults:2 | Noticed a juggernaut
 53957 | Vaults:2 | a juggernaut changed into a titan
 53958 | Vaults:2 | Noticed a hellephant
 53958 | Vaults:2 | a titan changed into a hellephant
 53970 | Vaults:2 | Noticed an iron giant
 53970 | Vaults:2 | a hellephant changed into an iron giant
 53977 | Vaults:2 | an iron giant changed into a glowing shapeshifter
 54131 | Vaults:2 | Reached skill level 16 in Dodging
 54715 | Vaults:3 | Reached skill level 8 in Long Blades
 54763 | Vaults:3 | Received a gift from Okawaru
 55301 | Vaults:3 | HP: 45/155 [something/vampiric draining (19)]
 55306 | Vaults:3 | HP: 28/155 [something/vampiric draining (13)]
 56134 | Vaults:3 | Reached skill level 14 in Armour
 56219 | Vaults:3 | Found a staircase to the Crypt.
 56343 | Vaults:3 | Gained mutation: You are completely covered in iridescent scales (AC +8). [demonic ancestry]
 56343 | Vaults:3 | Reached XP level 20. HP: 133/162 MP: 22/29
 56565 | Vaults:3 | HP: 43/162 [vault warden/long sword (20)]
 56607 | Vaults:3 | Reached skill level 9 in Long Blades
 57952 | Vaults:3 | HP: 42/162 [vault warden/long sword (21)]
 57957 | Vaults:3 | HP: 38/162 [yaktaur[a vault warden] (4)]
 57984 | Vaults:3 | HP: 43/162 [something (4)]
 57990 | Vaults:3 | HP: 29/162 [vampire/vampiric draining (9)]
 57997 | Vaults:3 | HP: 13/162 [vampire/vampiric draining (7)]
 58472 | Vaults:3 | HP: 38/162 [enormous slime creature (47)]
 58900 | Vaults:3 | Noticed Wiglaf
 58908 | Vaults:3 | Killed Wiglaf
 59176 | Vaults:4 | Found a flickering gateway to a bazaar.
 59183 | Bazaar   | Entered a bazaar
 59186 | Bazaar   | Found Safouv's Weapon Shoppe.
 59187 | Bazaar   | Found Ibres's Weapon Shoppe.
 59202 | Bazaar   | Found Cucva's Jewellery Emporium.
 59206 | Bazaar   | Found Genice's Weapon Emporium.
 59233 | Bazaar   | Bought an uncursed amulet of regeneration for 330 gold pieces
 59233 | Bazaar   | Bought a +5 ring of protection for 605 gold pieces
 59233 | Bazaar   | Bought an uncursed ring of protection from fire for 275 gold pieces
 59446 | Vaults:4 | Noticed Mennas
 59498 | Vaults:4 | Killed Mennas
 59498 | Vaults:4 | Received a gift from Okawaru
 59498 | Vaults:4 | Reached skill level 10 in Long Blades
 59610 | Vaults:4 | HP: 36/162 [lich/crystal spear (26)]
 59616 | Vaults:4 | HP: 5/162 [something/shard of ice (33)]
 60069 | Vaults:4 | Reached skill level 15 in Armour
 60101 | Vaults:4 | Received a gift from Okawaru
 60270 | Vaults:4 | Received a gift from Okawaru
 60966 | Vaults:4 | Received a gift from Okawaru
 61066 | Vaults:4 | Reached skill level 11 in Long Blades
 61307 | Vaults:4 | Received a gift from Okawaru
 61684 | Vaults:4 | Received a gift from Okawaru
 61879 | Vaults:4 | Upgraded the game from 0.18-a0-1655-ge2d8d33 to 0.18-a0-1666-g3ea6f2b
 62158 | Elf:1    | Entered Level 1 of the Elven Halls
 62833 | Elf:1    | Gained mutation: You have claws for hands. [demonic ancestry]
 62833 | Elf:1    | Reached XP level 21. HP: 152/168 MP: 30/30
 62837 | Elf:1    | Identified Vehumet's Handbook of Attacks
 62902 | Elf:1    | Reached skill level 16 in Armour
 63032 | Elf:1    | Reached skill level 12 in Long Blades
 63536 | Elf:2    | Received a gift from Okawaru
 63584 | Elf:2    | Found a magical portal.
 63589 | WizLab   | Entered Iskenderun's Mystic Tower
 64161 | WizLab   | Reached skill level 1 in Charms
 64161 | WizLab   | Reached skill level 1 in Air Magic
 64239 | WizLab   | Reached skill level 1 in Spellcasting
 64309 | WizLab   | Reached skill level 2 in Charms
 64309 | WizLab   | Reached skill level 2 in Air Magic
 64749 | WizLab   | Identified the Collected Works on Flying Arcane Weapons
 64778 | WizLab   | Got a pair of twisted boots
 64802 | WizLab   | Identified Iskenderun's Almanac of Arcane Weapons
 64802 | WizLab   | Identified Iskenderun's Handbook of Battle Magic
 64817 | WizLab   | Identified the cursed -3 pair of boots of Qaad Ytos {*Confuse rN+ MR+ Dex+2} (You found it in a wizard's laboratory)
 64857 | WizLab   | Identified the Almanac of Captivating Confrontation (You found it in a wizard's laboratory)
 64899 | WizLab   | Reached skill level 2 in Spellcasting
 64899 | WizLab   | Reached skill level 3 in Air Magic
 65251 | Elf:2    | Reached skill level 3 in Charms
 65311 | Elf:2    | Found Gaicoh's Armour Emporium.
 65541 | Elf:2    | Reached skill level 4 in Air Magic
 65714 | Elf:2    | Reached skill level 4 in Charms
 65740 | Elf:2    | Found a runed gate.
 65740 | Elf:2    | Found a runed gate.
 65742 | Elf:2    | Found a runed gate.
 66029 | Elf:2    | Reached skill level 3 in Spellcasting
 66201 | Elf:2    | Received a gift from Okawaru
 66216 | Elf:2    | Reached skill level 5 in Air Magic
 66248 | Elf:2    | Reached skill level 5 in Charms
 66260 | Elf:2    | HP: 44/168 [dire flail of crushing (16)]
 66262 | Elf:2    | HP: 14/168 [dire flail of crushing (20)]
 66268 | Elf:2    | HP: 31/168 [poisoned by a broad axe of venom]
 66274 | Elf:2    | HP: 30/168 [dire flail of crushing (2)]
 66281 | Elf:2    | HP: 30/168 [poisoned by a broad axe of venom]
 67232 | Elf:3    | Entered Level 3 of the Elven Halls
 67279 | Elf:3    | Noticed George's ghost (adept MiBe)
 67301 | Elf:3    | HP: 47/168 [George's ghost (18)]
 67374 | Elf:3    | Noticed Aizul
 67679 | Elf:3    | Killed Aizul
 67679 | Elf:3    | Received a gift from Okawaru
 67756 | Elf:3    | Found an ancient bone altar of Kikubaaqudgha.
 67885 | Elf:3    | Reached skill level 6 in Air Magic
 67961 | Elf:3    | Reached skill level 6 in Charms
 68181 | Elf:3    | HP: 48/168 [George's ghost (4)]
 68191 | Elf:3    | HP: 26/168 [George's ghost (23)]
 68194 | Elf:3    | HP: 10/168 [George's ghost (14)]
 68199 | Elf:3    | HP: 1/168 [George's ghost (8)]
 68199 | Elf:3    | Slain by George's ghost

Vault maps used:
D:1:      minmay_arrival_jagged, minmay_cut_off
D:2:      grunt_qazlal_clouds
D:3:      nicolae_dithmenos_shadow_blocks, marbit_many_paths, first_bread,
          uniq_iyjb, uniq_grinder
D:4:      overflow_temple_1_default
D:5:      nicolae_ru_path_of_blood, kennysheep_mini_moat,
          minmay_temple_entry_overgrown, dk_vineyard_1
D:6:      gup_sewer_entry_spiral
D:8:      okawaru_gym_becter, grunt_temple_overflow_open,
          hangedman_pestilent_swarm, uniq_erolcha, uniq_joseph
D:9:      grunt_temple_overflow_lords_of_destruction, ashenzari_altar_1
D:11:     lair_0_dummy, zombieorc2_lemuel
D:12:     st_stairs_9
D:13:     david_vaults_3, amethyst_killhole
D:14:     basic_altar, hangedman_decor_opposing, grunt_pakellas_basics
D:15:     grunt_enter_depths_hoard, serial_ice, serial_ice_a, serial_ice_m,
          serial_ice_i, serial_ice_d, serial_ice_c, serial_ice_f, serial_ice_b,
          serial_ice_o, corexii_corridor_pit
Temple:   circular_temple_pool_8
Lair:3:   portal_ice_cave_entry_ice_beasts, lemuel_fruit_tree
Lair:4:   dummy_spider_entry, bh_autumn_forest_stairs, grunt_megastairs_4
Lair:5:   beast_lair_carwin_large_1, elwin_shoals_entry_rooms,
          infiniplex_staircase_pool, serial_bayou_shore_b, lemuel_fruit_fields,
          uniq_maud, uniq_josephine
Lair:6:   dpeg_slime_entry_corner, beast_lair_carwin_10, uniq_kirke
Lair:7:   grunt_megastairs_3
Lair:8:   wormcave, guppyfry_lair_end_dragon
Shoals:3: nicolae_shoals_loop_pool
Shoals:4: shoals_end_simple, shoals_ilsuiw_ice
Spider:1: zaba_anthell, uniq_roxanne
Spider:2: spider_trap
Spider:3: spider_trap
Spider:4: grunt_spider_rune_circles, nicolae_spider_stair_cavern
Orc:2:    pubby_orc_utopia
Elf:1:    eino_elf_arrival_customs, minmay_elf_annihilation, st_stairs_13
Elf:2:    mu_enter_wizlab_1, serial_shops, shop, minmay_misc_feat_diagonals,
          basic_stair_grate_trap
Elf:3:    grunt_elf_hall_asides, basic_altar, uniq_aizul, uniq_mara
Vaults:1: nicolae_vaults_little_squares_3, vaults_room_pool, v_misc_30,
          v_misc_17, vaults_room_grid, v_pattern_5, ontoclasm_vaults_hangar,
          st_more_cells, ontoclasm_vaults_pinch, v_rooms_5,
          hangedman_vaults_unwind, v_rooms_3, nicolae_vaults_little_squares_1,
          hangedman_vaults_trim, enter_trove_6, uniq_nikola
Vaults:2: nicolae_vaults_lopsided_apartments, nicolae_vaults_alarming,
          nicolae_vaults_mini_display_case, nicolae_vaults_theta, serial_ice_g,
          vaults_mumra_minichess_inversion, serial_shops, nicolae_shop_stone,
          shop, shop
Vaults:3: minmay_crypt_entry_vampire_xt, v_misc_11, v_pattern_2,
          hangedman_vaults_nails, hangedman_vaults_capsules,
          grunt_vaults_funnel, v_misc_2, v_misc_17, nicolae_vaults_statue_guard,
          ontoclasm_vaults_ligature, ontoclasm_vaults_hangar,
          vaults_room_hallway, uniq_wiglaf
Vaults:4: vaults_room_boxed, v_misc_2, vaults_mumra_lcd,
          vaults_standard_mumra_lines, v_misc_11, hangedman_vaults_corner,
          ontoclasm_vaults_gallery, ontoclasm_vaults_ring_large,
          ontoclasm_vaults_tryst, grunt_vaults_focal, v_misc_33, v_misc_14,
          serial_shops, bzr_entry_road, uniq_mennas
Abyss:3:  evilmike_abyss_exit_6, evilmike_abyss_exit_7
Abyss:4:  abyss_furniture_001, nicolae_abyss_rune_containment_breach,
          minivault_5
Bazaar:   bazaar_minmay_row
Sewer:    sewer_sea
IceCv:    ice_cave_small_demon
WizLab:   wizlab_iskenderun

Skill      XL: |  1  2  3  4  5  6  7  8  9 10 11 12 13 14 15 16 17 18 19 20 21 |
---------------+----------------------------------------------------------------+-----
Short Blades   | 2 3 4 5 6 8 9 10 | 10.0
Throwing       | 2 3 4 5 6 8 9 10 | 10.0
Dodging        | 4 6 7 8 10 11 13 14 15 16 | 16.0
Stealth        | 5 8 10 12 | 12.4
Fighting       | 4 7 8 9 11 13 14 15 | 15.0
Evocations     | 8 12 | 12.2
Invocations    | 6 8 |  8.0
Armour         | 4 7 10 11 13 14 15 16 | 16.0
Long Blades    | 2 8 11 12 | 12.7
Charms         | 6 |  6.1
Air Magic      | 6 |  6.0
Spellcasting   | 3 |  3.7
Shields        | |  0.8

Action                   |  1- 3 |  4- 6 |  7- 9 | 10-12 | 13-15 | 16-18 | 19-21 || total
-------------------------+-------+-------+-------+-------+-------+-------+-------++-------
Melee: Dagger            |   124 |   149 |   417 |   930 |  2211 |  1847 |   380 ||  6058
       Quick blade       |       |       |       |       |  1108 |  1783 |  1318 ||  4209
       Rapier            |       |       |       |       |    22 |    12 |       ||    34
       Scimitar          |       |       |       |       |       |       |  1558 ||  1558
 Fire: Blowgun           |     7 |    29 |    29 |    44 |    39 |   130 |     9 ||   287
Throw: Stone             |     3 |       |       |     3 |       |       |       ||     6
       Tomahawk          |       |     2 |    11 |    53 |    39 |       |       ||   105
       Javelin           |       |       |       |       |    13 |    58 |    21 ||    92
       Throwing net      |       |       |       |       |       |     4 |     5 ||     9
 Cast: Swiftness         |       |       |       |       |       |       |     1 ||     1
Invok: Heroism           |       |       |       |     9 |    18 |    19 |    11 ||    57
       Finesse           |       |       |       |       |       |     1 |     2 ||     3
 Abil: Evoke Invisibilit |       |       |       |     4 |    10 |    19 |     3 ||    36
       Evoke Flight      |       |       |       |       |       |    61 |       ||    61
       Stop Flying       |       |       |       |       |       |     2 |       ||     2
Evoke: Wand              |       |       |     2 |       |     3 |     9 |    11 ||    25
  Use: Scroll            |     8 |     1 |     8 |     8 |    13 |     8 |    12 ||    58
       Potion            |       |       |     1 |       |     1 |       |     5 ||     7
 Stab: Sleeping          |    13 |     3 |    28 |    79 |    77 |   165 |   105 ||   470
       Distracted        |     1 |     1 |     2 |     6 |    18 |    15 |    38 ||    81
       Invisible         |       |       |       |     2 |    28 |    59 |     2 ||    91
       Confused          |       |       |       |       |     5 |     1 |       ||     6
       Paralysed         |       |       |       |       |       |     7 |     2 ||     9
       Held in net/web   |       |       |       |       |       |     1 |     2 ||     3
  Eat: Chunk             |     2 |     5 |    13 |    24 |    46 |    58 |    45 ||   193
       Beef jerky        |       |       |       |     1 |       |     2 |       ||     3
       Fruit             |       |       |       |     2 |       |     1 |     1 ||     4
       Bread ration      |       |       |       |     1 |     1 |     4 |     1 ||     7
       Meat ration       |       |       |       |       |     1 |       |     2 ||     3
       Pizza             |       |       |       |       |       |     1 |       ||     1

Table legend:
 A = Turns spent in this place as a percentage of turns spent in the entire game.
 B = Non-inter-level travel turns spent in this place as a percentage of non-inter-level travel turns spent in the entire game.
 C = Inter-level travel turns spent in this place as a percentage of turns spent in this place.
 D = Turns resting spent in this place as a percentage of non-inter-level travel turns spent in this place.
 E = Turns spent auto-exploring this place as a percentage of non-inter-level travel turns spent in this place.
 F = Non-inter-level travel turns spent in this place divided by the number of levels of this place that you've seen.
                   A       B       C       D       E      F
               +-------+-------+-------+-------+-------+----------------------
         Total | 100.0 | 100.0 |   0.4 |   1.0 |   2.1 | 775.7
       Dungeon |  20.8 |  20.8 |   0.4 |   0.6 |   4.3 | 505.5
        Temple |   0.0 |   0.0 |   9.1 |   0.0 |  70.0 |  10.0
          Lair |  17.7 |  17.7 |   0.7 |   1.1 |   2.7 | 805.0
        Shoals |  12.8 |  12.8 |   0.3 |   1.5 |   0.0 | 1163.5
   Spider Nest |   9.6 |   9.6 |   0.2 |   0.5 |   2.3 | 872.8
  Orcish Mines |   8.1 |   8.1 |   0.2 |   1.3 |   0.4 | 1474.5
   Elven Halls |   6.7 |   6.7 |   0.3 |   0.6 |   2.3 | 809.0
        Vaults |  19.3 |  19.3 |   0.3 |   1.3 |   1.6 | 1756.0
         Abyss |   0.5 |   0.5 |   0.0 |   0.0 |   0.0 |  86.0
        Bazaar |   0.3 |   0.3 |   0.0 |   0.0 |   0.0 |  96.0
         Sewer |   1.1 |   1.1 |   0.0 |   0.5 |   0.0 | 399.0
      Ice Cave |   1.1 |   1.1 |   0.0 |   4.0 |   0.0 | 405.0
        Wizlab |   2.2 |   2.2 |   0.0 |   0.9 |   0.2 | 809.0
               +-------+-------+-------+-------+-------+----------------------

Vault maps used:
D:1:      minmay_arrival_jagged, minmay_cut_off
D:2:      grunt_qazlal_clouds
D:3:      nicolae_dithmenos_shadow_blocks, marbit_many_paths, first_bread,
          uniq_iyjb, uniq_grinder
D:4:      overflow_temple_1_default
D:5:      nicolae_ru_path_of_blood, kennysheep_mini_moat,
          minmay_temple_entry_overgrown, dk_vineyard_1
D:6:      gup_sewer_entry_spiral
D:8:      okawaru_gym_becter, grunt_temple_overflow_open,
          hangedman_pestilent_swarm, uniq_erolcha, uniq_joseph
D:9:      grunt_temple_overflow_lords_of_destruction, ashenzari_altar_1
D:11:     lair_0_dummy, zombieorc2_lemuel
D:12:     st_stairs_9
D:13:     david_vaults_3, amethyst_killhole
D:14:     basic_altar, hangedman_decor_opposing, grunt_pakellas_basics
D:15:     grunt_enter_depths_hoard, serial_ice, serial_ice_a, serial_ice_m,
          serial_ice_i, serial_ice_d, serial_ice_c, serial_ice_f, serial_ice_b,
          serial_ice_o, corexii_corridor_pit
Temple:   circular_temple_pool_8
Lair:3:   portal_ice_cave_entry_ice_beasts, lemuel_fruit_tree
Lair:4:   dummy_spider_entry, bh_autumn_forest_stairs, grunt_megastairs_4
Lair:5:   beast_lair_carwin_large_1, elwin_shoals_entry_rooms,
          infiniplex_staircase_pool, serial_bayou_shore_b, lemuel_fruit_fields,
          uniq_maud, uniq_josephine
Lair:6:   dpeg_slime_entry_corner, beast_lair_carwin_10, uniq_kirke
Lair:7:   grunt_megastairs_3
Lair:8:   wormcave, guppyfry_lair_end_dragon
Shoals:3: nicolae_shoals_loop_pool
Shoals:4: shoals_end_simple, shoals_ilsuiw_ice
Spider:1: zaba_anthell, uniq_roxanne
Spider:2: spider_trap
Spider:3: spider_trap
Spider:4: grunt_spider_rune_circles, nicolae_spider_stair_cavern
Orc:2:    pubby_orc_utopia
Elf:1:    eino_elf_arrival_customs, minmay_elf_annihilation, st_stairs_13
Elf:2:    mu_enter_wizlab_1, serial_shops, shop, minmay_misc_feat_diagonals,
          basic_stair_grate_trap
Elf:3:    grunt_elf_hall_asides, basic_altar, uniq_aizul, uniq_mara
Vaults:1: nicolae_vaults_little_squares_3, vaults_room_pool, v_misc_30,
          v_misc_17, vaults_room_grid, v_pattern_5, ontoclasm_vaults_hangar,
          st_more_cells, ontoclasm_vaults_pinch, v_rooms_5,
          hangedman_vaults_unwind, v_rooms_3, nicolae_vaults_little_squares_1,
          hangedman_vaults_trim, enter_trove_6, uniq_nikola
Vaults:2: nicolae_vaults_lopsided_apartments, nicolae_vaults_alarming,
          nicolae_vaults_mini_display_case, nicolae_vaults_theta, serial_ice_g,
          vaults_mumra_minichess_inversion, serial_shops, nicolae_shop_stone,
          shop, shop
Vaults:3: minmay_crypt_entry_vampire_xt, v_misc_11, v_pattern_2,
          hangedman_vaults_nails, hangedman_vaults_capsules,
          grunt_vaults_funnel, v_misc_2, v_misc_17, nicolae_vaults_statue_guard,
          ontoclasm_vaults_ligature, ontoclasm_vaults_hangar,
          vaults_room_hallway, uniq_wiglaf
Vaults:4: vaults_room_boxed, v_misc_2, vaults_mumra_lcd,
          vaults_standard_mumra_lines, v_misc_11, hangedman_vaults_corner,
          ontoclasm_vaults_gallery, ontoclasm_vaults_ring_large,
          ontoclasm_vaults_tryst, grunt_vaults_focal, v_misc_33, v_misc_14,
          serial_shops, bzr_entry_road, uniq_mennas
Abyss:3:  evilmike_abyss_exit_6, evilmike_abyss_exit_7
Abyss:4:  abyss_furniture_001, nicolae_abyss_rune_containment_breach,
          minivault_5
Bazaar:   bazaar_minmay_row
Sewer:    sewer_sea
IceCv:    ice_cave_small_demon
WizLab:   wizlab_iskenderun
